Map: 死亡光环-天梯版

Players

iGXiGua (XiGua)

  • Race: Zerg Zerg

iGXY (XY) - Winner!

  • Race: Terran Terran

Event: DreamHack SC2 Masters 2020 Winter

VOD

Have the link to the VOD?

Description

Time

  • Played on: Oct. 14, 2020, 8:33 a.m.
  • Length: 11:22

All games in this series

Show
View Real Time Build Order
Export as new Build Order

iGXiGua Zerg 

Build Orders: Hatch First, Muta Ling Bane 

Get SALT Encoding   

  12  0:00  Drone  
  13  0:11  Overlord  
  13  0:16  Drone  
  14  0:31  Drone x2  
  16  0:47  Hatchery  
  15  0:51  Drone  
  15  0:55  Drone  
  17  0:58  Drone  
  18  1:08  Extractor  
  17  1:14  Spawning Pool  
  17  1:16  Drone  
  17  1:20  Drone  
  18  1:27  Drone  
  19  1:39  Drone  
  20  1:50  Drone  
  21  2:00  Queen x2  
  21  2:01  Zergling x4  
  27  2:13  Hatchery  
  26  2:17  Overlord  
  26  2:20  Drone  
  27  2:23  Drone  
  28  2:36  Queen, Drone  
  31  2:42  Metabolic Boost  
  33  2:44  Drone x2  
  33  2:48  Overlord  
  33  2:53  Drone  
  33  2:54  Drone  
  33  2:56  Drone  
  36  3:13  Drone x5  
  36  3:16  Queen  
  36  3:17  Overlord  
  43  3:21  Drone  
  44  3:33  Drone  
  45  3:37  Queen, Baneling Nest  
  45  3:38  Overlord  
  45  3:39  Zergling x4  
  48  3:41  Drone  
  48  3:44  Drone  
  50  3:48  Drone  
  50  3:49  Drone  
  50  3:53  Drone x3  
  50  3:54  Zergling x2  
  56  3:57  Queen  
  57  4:07  Zergling x4  
  57  4:08  Overlord  
  59  4:11  Drone  
  59  4:12  Drone x2  
  62  4:19  Overlord  
  62  4:20  Drone x3  
  62  4:21  Overlord  
  65  4:25  Overlord  
  65  4:27  Drone  
  66  4:34  Spore Crawler, Evolution Chamber x2, Drone x2  
  66  4:35  Spore Crawler  
  66  4:36  Drone  
  66  4:38  Drone  
  64  4:39  Drone  
  64  4:42  Lair  
  64  4:45  Drone x2  
  67  4:46  Extractor  
  67  4:48  Drone x2  
  67  4:50  Drone  
  67  4:51  Drone  
  70  4:53  Drone  
  70  4:54  Drone  
  70  4:55  Drone  
  70  4:56  Drone  
  74  5:00  Zerg Melee Weapons Level 1  
  74  5:02  Zergling x4  
  74  5:05  Zergling x4  
  75  5:10  Zergling x6  
  71  5:16  Drone x3  
  68  5:25  Drone x3  
  68  5:28  Drone  
  67  5:34  Drone x4  
  69  5:36  Drone  
  69  5:38  Zerg Ground Armor Level 1  
  69  5:42  Drone  
  71  5:44  Drone  
  71  5:48  Drone, Extractor  
  71  5:49  Extractor  
  71  5:50  Extractor x2  
  71  5:54  Drone x2  
  71  5:58  Drone x2  
  71  5:59  Drone  
  71  6:02  Drone  
  71  6:03  Drone x3  
  78  6:05  Drone  
  78  6:06  Hatchery  
  78  6:07  Drone  
  79  6:11  Centrifical Hooks  
  79  6:17  Drone x5  
  84  6:20  Drone  
  85  6:29  Drone, Spire  
  85  6:30  Drone x2  
  85  6:31  Zergling x6  
  85  6:32  Zergling x2  
  91  6:33  Zergling x2  
  91  6:37  Baneling  
  91  6:38  Baneling x6  
  92  6:40  Zergling x6  
  92  6:43  Overseer  
  92  6:44  Overlord  
  92  6:46  Overlord  
  95  6:48  Overlord  
  95  6:52  Overlord  
  95  6:57  Zergling x2  
  95  6:58  Zergling x4  
  95  6:59  Overlord  
  97  7:02  Overlord  
  97  7:05  Zergling x10  
  102  7:10  Zergling x2  
  102  7:14  Zergling x10  
  108  7:19  Hatchery  
  108  7:20  Zergling x4  
  108  7:25  Baneling x4  
  108  7:28  Zergling x10  
  110  7:36  Zergling x12  
  110  7:41  Drone x3  
  113  7:56  Mutalisk x10  
  130  8:00  Baneling x6  
  130  8:03  Baneling x6  
  130  8:05  Zergling x4  
  130  8:06  Zergling x2  
  130  8:10  Zergling x2  
  130  8:11  Zergling x6  
  137  8:19  Mutalisk x2  
  137  8:22  Zergling x10  
  138  8:29  Mutalisk x2  
  135  8:38  Mutalisk  
  132  8:42  Zergling x16  
  132  8:43  Drone  
  132  8:47  Drone  
  140  8:55  Hatchery  
  137  8:56  Overlord x2  
  135  9:05  Mutalisk x4  
  140  9:10  Overlord, Pneumatized Carapace, Extractor  
  140  9:11  Overseer  
  139  9:17  Drone x11  
  139  9:20  Extractor  
  139  9:22  Baneling x3  
  148  9:28  Baneling x3  
  148  9:30  Zergling x12  
  153  9:35  Zergling x4  
  152  9:44  Zergling x12  
  152  9:45  Hatchery  
  155  9:48  Zergling x2  
  154  9:57  Overlord x2  
  154  9:58  Zergling x4  
  156  10:00  Overseer  
  156  10:03  Zergling x2  
  156  10:05  Baneling  
  156  10:06  Zergling x2, Baneling x5  
  155  10:08  Baneling x4  
  155  10:13  Zergling x10  
  158  10:16  Baneling x5  
  158  10:18  Zergling x2  
  158  10:19  Zergling x6  
  127  10:30  Zergling x16  
  127  10:33  Zergling x2  
  134  10:37  Baneling  
  134  10:38  Zergling x2, Baneling x7  
  134  10:42  Mutalisk x2  
  113  10:44  Zergling x2  
  113  10:45  Zergling x6  
  112  10:50  Mutalisk  
  112  10:52  Mutalisk  
  112  10:55  Zergling x16  
  122  11:00  Zergling x2  
  122  11:03  Baneling x2  
  125  11:05  Zergling x6  
Show
View Real Time Build Order
Export as new Build Order

iGXY Terran - Winner!

Build Orders: Liberator Opening, Reaper Expand 

Get SALT Encoding   

  12  0:00  SCV  
  13  0:12  SCV  
  14  0:16  Supply Depot  
  14  0:24  SCV  
  15  0:38  SCV, Barracks  
  15  0:42  Refinery  
  16  0:50  SCV  
  17  1:02  SCV  
  18  1:14  SCV  
  19  1:26  Reaper, Orbital Command  
  20  1:38  Command Center  
  20  1:45  Supply Depot  
  20  1:52  SCV  
  21  1:57  Marine  
  22  2:04  SCV  
  23  2:10  Factory  
  23  2:16  SCV  
  23  2:18  Barracks Reactor  
  24  2:28  SCV  
  25  2:40  SCV  
  25  2:41  Command Center  
  26  2:50  Orbital Command  
  26  2:52  SCV  
  26  2:57  Starport  
  27  3:04  SCV  
  28  3:09  Refinery  
  28  3:12  Hellion x2  
  32  3:16  SCV x2  
  34  3:26  Marine  
  35  3:28  SCV x2  
  35  3:33  Hellion x2  
  41  3:40  SCV x2  
  43  3:42  Liberator  
  46  3:48  Barracks Tech Lab  
  46  3:52  SCV  
  46  3:53  SCV  
  46  3:54  Orbital Command  
  48  3:59  Hellion x2  
  52  4:04  SCV  
  52  4:05  SCV  
  52  4:09  Stimpack, Marine  
  55  4:16  Orbital Command  
  55  4:17  SCV x2, Supply Depot  
  57  4:22  Supply Depot  
  57  4:23  Hellion x2  
  61  4:32  SCV  
  61  4:38  SCV, Marine  
  61  4:44  SCV  
  64  4:48  Barracks  
  64  4:50  SCV x2, Engineering Bay  
  64  4:51  Starport Reactor, Barracks  
  64  4:52  Engineering Bay  
  66  4:56  Marine  
  67  5:00  SCV  
  67  5:03  SCV  
  69  5:07  Factory Reactor  
  68  5:18  Marine  
  59  5:22  SCV  
  59  5:24  SCV  
  59  5:26  Terran Infantry Weapons Level 1, Terran Infantry Armor Level 1  
  55  5:29  SCV  
  55  5:32  Refinery  
  55  5:33  Refinery, Barracks x2  
  55  5:34  SCV  
  57  5:36  SCV, Starport Reactor, Marine  
  57  5:38  Orbital Command  
  60  5:45  Marine x2  
  60  5:46  SCV  
  60  5:48  SCV  
  63  5:52  Marine x2  
  63  5:53  Hellion x2  
  63  5:54  Marine  
  69  5:58  SCV  
  69  6:00  SCV  
  69  6:02  Supply Depot  
  69  6:03  Supply Depot, Marine x2  
  73  6:08  Combat Shield  
  73  6:10  SCV, Marine x2  
  76  6:11  Marine  
  76  6:15  Supply Depot  
  77  6:21  Orbital Command  
  77  6:23  Barracks Reactor  
  77  6:24  Supply Depot, Medivac, Barracks Reactor, SCV, Hellion x2, Marine  
  77  6:25  Medivac  
  87  6:26  Supply Depot  
  87  6:27  SCV, Armory  
  87  6:28  Marine x2  
  90  6:36  SCV  
  90  6:37  Marine x2  
  93  6:42  Marine  
  93  6:43  Factory  
  93  6:44  SCV  
  93  6:46  Hellion x2  
  99  6:47  SCV  
  99  6:51  Marine x2  
  99  6:52  Supply Depot  
  102  6:54  SCV  
  102  6:55  Medivac x2  
  102  6:57  SCV  
  102  6:59  Marine  
  102  7:00  Marine x2  
  111  7:03  Marine x4  
  111  7:06  SCV  
  116  7:09  Marine  
  116  7:13  Widow Mine  
  117  7:16  SCV  
  117  7:21  Supply Depot x2  
  117  7:23  SCV x2  
  117  7:24  Widow Mine  
  117  7:25  Supply Depot  
  117  7:26  Refinery  
  117  7:29  Supply Depot, Marine x2  
  123  7:30  SCV  
  123  7:35  SCV  
  117  7:38  Medivac x2  
  117  7:41  SCV  
  117  7:42  SCV, Marine x2  
  123  7:46  Supply Depot  
  123  7:49  Supply Depot  
  123  7:51  Widow Mine  
  125  7:53  Supply Depot  
  123  8:00  Marauder, Marine x2  
  123  8:01  Marine x2  
  123  8:05  Widow Mine  
  133  8:06  Factory Tech Lab  
  133  8:08  Medivac x2  
  133  8:10  Marine x2  
  137  8:14  Marine x2  
  137  8:18  Marine x2  
  137  8:19  Marine x2  
  143  8:21  SCV, Widow Mine  
  143  8:22  Marauder  
  143  8:26  Widow Mine  
  134  8:27  Marine  
  134  8:29  Marine  
  134  8:30  SCV x2  
  134  8:32  Marine x2  
  134  8:33  SCV  
  130  8:35  Marine  
  130  8:36  Marine  
  130  8:37  Marine x2  
  130  8:42  SCV, Missile Turret x2  
  130  8:43  Marauder  
  130  8:45  Marine  
  130  8:47  Marine  
  130  8:49  Drilling Claws, Marine  
  130  8:50  Marine, Terran Infantry Weapons Level 2  
  130  8:51  Terran Infantry Armor Level 2  
  130  8:54  Marine x2  
  133  8:57  Marine x2  
  127  9:03  Marine  
  127  9:05  SCV, Widow Mine x2  
  127  9:06  Marine  
  127  9:09  Marine x2  
  136  9:11  Marine  
  136  9:12  Marine  
  138  9:21  Marine x2  
  140  9:28  Medivac x2  
  140  9:29  Widow Mine x2  
  148  9:37  Marine  
  148  9:38  Marine x5  
  153  9:43  Command Center  
  152  9:47  Widow Mine, Marine  
  152  9:48  Marauder, Marine  
  152  9:49  SCV x2  
  152  9:50  SCV  
  152  9:51  Widow Mine  
  163  9:53  Refinery  
  163  9:55  Marine x2  
  163  9:56  Marine  
  163  9:59  Widow Mine  
  163  10:01  SCV x2  
  165  10:07  Marine  
  165  10:09  Marauder  
  165  10:12  Marine x2  
  168  10:15  Marine x3  
  168  10:17  SCV  
  168  10:19  Marine  
  168  10:20  Marine  
  171  10:25  Marine  
  144  10:28  SCV x2  
  144  10:29  Marine x2  
  144  10:31  Marauder  
  144  10:32  Marine  
  144  10:33  Missile Turret, Marine x2  
  148  10:48  Marine  
  148  10:49  Marine x3  
  141  10:52  Marauder, Marine x4  
Tags
 
Add a new tag
Caveats
  • Supply blocks, unpowered buildings, or Contaminate may cause inaccurate times.
  • Supply counts are checked every 10 seconds.